 Dungeon Crawl Stone Soup version 0.28.0-45-g0d030f2227 (webtiles) character file.

Game seed: 9648665519804714812

3406 NinjaNoafa the Magician (level 10, -1/73 HPs)
             Began as a Djinni Summoner on Apr 16, 2022.
             Was a Follower of Yredelemnul.
             Slain by an orc warrior
             ... wielding a +0 halberd
              (19 damage)
             ... on level 8 of the Dungeon.
             The game lasted 00:26:41 (12468 turns).

NinjaNoafa the Magician (Djinni Summoner)          Turns: 12468, Time: 00:26:42

Health: -1/73      AC:  3    Str:  7      XL:     10   Next: 24%
Gold:   415        EV: 14    Int: 20 (21) God:    Yredelemnul [*.....] SH:  0 Dex: 14

rFire   + + +      SeeInvis +   q - +4 flail (freeze)
rCold   . . .      Faith    .   (no shield)
rNeg    . . .      Spirit   .   a - +0 robe
rPois   ∞          Reflect  .   o - +0 hat {SInv}
rElec   .          Harm     .   E - scarf {rC+ rF+}
rCorr   .          Rampage  .   l - +0 pair of gloves
Will    +....                   (boots unavailable)
Stlth   +.........              m - amulet of the acrobat
HPRegen 0.22/turn               (no ring)
MPRegen 0.00/turn               (no ring)

@: confused, ambrosia-drunk, flying, invisible
A: sickness immunity, fire resistance 2, cold vulnerability 1, float, innate
caster, HP casting, extra vitality 1
a: Renounce Religion, Recall Undead Harvest


You were on level 8 of the Dungeon.
You worshipped Yredelemnul.
Yredelemnul was noncommittal.
You visited 2 branches of the dungeon, and saw 9 of its levels.

You collected 415 gold pieces.

Inventory:

Hand Weapons
 d - a +0 hand axe
 k - a +1 whip of distortion
 q - a +4 flail of freezing (weapon)
 B - a +0 vampiric short sword
Missiles
 e - 4 atropa-tipped darts
 g - 175 stones
 h - 14 poisoned darts
 r - 7 curare-tipped darts
Armour
 a - a +0 robe (worn)
 l - a +0 pair of gloves (worn)
 o - a +0 hat of see invisible (worn)
 E - a scarf of resistance (worn)
Magical Staves
 c - a staff of death
Jewellery
 m - an amulet of the acrobat (around neck)
 y - a +6 ring of dexterity
Wands
 s - a wand of iceblast (8)
 w - a wand of flame (35)
Scrolls
 b - a scroll of blinking {unknown}
 i - 7 scrolls of identify
 n - 2 scrolls of teleportation
 p - a scroll of enchant armour {unknown}
 t - a scroll of enchant weapon {unknown}
 v - a scroll of vulnerability {unknown}
 x - a scroll of magic mapping {unknown}
 D - a scroll of brand weapon {unknown}
Potions
 f - a potion of lignification
 j - a potion of resistance
 u - 3 potions of mutation
 z - a potion of berserk rage
 A - a potion of invisibility


   Skills:
 + Level 6.8 Fighting
 - Level 5.0 Dodging
 - Level 1.5 Stealth
 - Level 3.0 Unarmed Combat
 + Level 7.0 Spellcasting
 - Level 5.0 Invocations
 - Level 5.0 Evocations


You couldn't memorise any spells.
You knew the following spells:

 Your Spells              Type           Power      Damage    Failure   Level
a - Summon Small Mammal   Summ           100%       N/A       1%          1
b - Call Imp              Summ           35%        N/A       1%          2
c - Call Canine Familiar  Summ           35%        N/A       1%          3
d - Summon Guardian Gole  Hex/Summ       35%        N/A       1%          3
e - Summon Lightning Spi  Summ/Air       35%        N/A       5%          4
f - Beastly Appendage     Tmut           70%        N/A       1%          1
g - Scorch                Fire           70%        2d9       1%          2
h - Confusing Touch       Hex            35%        N/A       1%          3
i - Petrify               Tmut/Erth      35%        N/A       5%          4
Your spell library was empty.

Dungeon Overview and Level Annotations

Branches:
Dungeon (8/15)             Temple (1/1) D:5
   Lair: D:8-11

Altars:
Ashenzari
Cheibriados
Dithmenos
Fedhas
Gozag
Hepliaklqana
Kikubaaqudgha
Makhleb
Nemelex Xobeh
Okawaru
Qazlal
Ru
Sif Muna
Trog
Uskayaw
Vehumet
Wu Jian
Xom
Yredelemnul
Zin
The Shining One

Shops:
D:6 =*


Innate Abilities, Weirdness & Mutations

You are immune to sickness and miasma.
You are immune to poison.
Your flesh is very heat resistant. (rF++)
You are vulnerable to cold. (rC-)
You float through the air rather than walking.
You learn spells naturally, not from books.
Your magical power is your life essence.
You have superior vitality. (+4 MHP)


Message History

You barely miss the gnoll.
A nearby plant withers and dies. x3
The gnoll barely misses you.
The gnoll hits the plant with a +0 flail!
Flames lash the gnoll.
The gnoll is lightly wounded.
The gnoll's fire resistance burns away.
A nearby plant withers and dies. x3
The gnoll hits you with a +0 spear!
You are too injured to fight recklessly!
It was a potion of invisibility.
You fade into invisibility!
The gnoll closely misses you.
Your lightning spire shoots out a bolt of lightning at the electric eel!
The bolt of electricity hits you!
The bolt of electricity hits the orc wizard!
The bolt of electricity hits the electric eel.
The electric eel completely resists.
The electric eel shoots out a bolt of lightning at your lightning spire!
The bolt of electricity hits the orc wizard.
The orc wizard dies!
The bolt of electricity misses you.
The bolt of electricity hits your lightning spire.
Your lightning spire completely resists.
The orc warrior hits you from afar with a +0 halberd!
* * * LOW HITPOINT WARNING * * *
The gnoll is no longer more vulnerable to fire.
Something hits the plant!
The plant begins to die.
Your lightning spire shoots out a bolt of lightning at the electric eel!
The bolt of electricity hits the gnoll.
The bolt of electricity hits the electric eel.
The electric eel completely resists.
It was a potion of ambrosia.
You are confused.
You feel invigorated.
Something hits the plant.
Your lightning spire shoots out a bolt of lightning at the electric eel!
The bolt of electricity hits the orc warrior!
The bolt of electricity hits the gnoll!
The bolt of electricity misses the electric eel.
The orc warrior hits you with a +0 halberd!!
You die...
Your body rises from the dead as a mindless zombie. ###.....#....# .##.#..###.. .####...##.P≈. ≈ .#####.....≈P.# ≈≈ ..........P≈≈P### ≈PP

..........≈♣≈...## ≈≈P
.......##.PP≈P... g≈♣P≈
...##.....≈≈h.P###≈.≈≈≈.
#...#.....≈P≈g.P@)gS≈PP#
..........P♣♣P≈o.≈≈♣PP#
...##..##≈≈♣≈8PPP≈♣PP#
...#..##.<≈Z♣≈♣P♣♣≈≈P# #
###.##..≈.Z♣≈♣≈≈≈P## ..
###h#.....≈♣♣♣≈≈.P#
..##.#......≈P≈≈≈≈≈P.#
###.........P.P≈≈≈PP.#
.............≈PP≈P≈P.#


You could see an orc warrior, an electric eel (ally target), 3 gnolls, a
friendly lightning spire (summoned), a friendly hound (summoned) and 2 friendly
centaur zombies.

Vanquished Creatures
  A hornet (D:8)
  A water moccasin (D:8)
  An orc warrior (D:6)
  A sky beast (D:7)
  An ogre (D:5)
  A centaur (D:8)
  2 kobold brigands
  2 scorpions
  A water moccasin zombie (D:5)
  A wight (D:6)
  A howler monkey (D:4)
  2 orc priests
  A gnoll shaman (D:3)
  A hound (D:6)
  3 iguanas
  Terence (D:2)
  3 orc wizards (D:6)
  A howler monkey zombie (D:8)
  4 adders
  3 gnolls (D:3)
  A shadow imp (D:7)
  A nameless horror (D:6)
  9 orcs
  3 endoplasms (D:3)
  4 giant cockroaches
  A goblin (D:2)
  2 hobgoblins
  3 kobolds (D:4)
  A quokka (D:3)
  5 ball pythons
  6 bats
  2 frilled lizards (D:1)
  4 rats
74 creatures vanquished.

Vanquished Creatures (collateral kills)
  Menkaure (D:6)
  A water moccasin (D:6)
  An ice beast (D:6)
  A hornet zombie (D:5)
  A sky beast (D:7)
  A black bear (D:5)
  An orc warrior (D:7)
  2 ogres (D:5)
  A centaur (D:8)
  2 phantoms
  A kobold brigand (D:7)
  A scorpion (D:7)
  A water moccasin skeleton (D:6)
  2 howler monkeys
  2 hounds (D:5)
  A centaur zombie (D:6)
  A jelly (D:7)
  2 orc priests (D:6)
  An iguana (D:5)
  An orc wizard (D:4)
  A killer bee zombie (D:7)
  A howler monkey zombie (D:7)
  A gnoll (D:3)
  3 adders
  A white imp (D:6)
  5 orcs
  2 bats
  5 endoplasms
  A giant cockroach (D:3)
  A goblin (D:1)
  4 hobgoblins
  3 frilled lizards (D:1)
  11 kobolds
  4 rats
68 creatures vanquished.

Vanquished Creatures (others)
  A spectral ice beast (D:6)
  A wight (D:6)
  An orc wizard (D:8)
  A scorpion zombie (D:3)
  An ogre zombie (D:5)
  A hound zombie (D:5)
  A gnoll (D:8)
  An iguana zombie (D:5)
  A spectral white imp (D:6)
  An orc (D:8)
  A bat zombie (D:3)
  2 ball python zombies (D:3)
  A giant cockroach zombie (D:3)
  5 kobold zombies (D:7)
  10 orc zombies
  A rat zombie (D:3)
  A spectral endoplasm (D:3)
  7 demonic plants (D:2)
  11 plants (D:8)
  4 withered plants (D:2)
53 creatures vanquished.

Grand Total: 195 creatures vanquished

Notes
Turn   | Place    | Note
-------+----------+-------------------------------------------
     0 | D:1      | NinjaNoafa the Djinni Summoner began the quest for the Orb.
     0 | D:1      | Reached XP level 1. HP: 15/15 MP: 0/0
   617 | D:1      | Reached XP level 2. HP: 18/21 MP: 0/0
  1205 | D:2      | Noticed Terence
  1266 | D:2      | Killed Terence
  1267 | D:2      | Reached skill level 1 in Fighting
  1267 | D:2      | Reached XP level 3. HP: 27/27 MP: 0/0
  1267 | D:2      | Learned a level 1 spell: Beastly Appendage
  1481 | D:2      | Reached XP level 4. HP: 28/32 MP: 0/0
  1655 | D:2      | Found a faded altar of an unknown god.
  1665 | D:2      | Prayed at the altar of an unknown god.
  1665 | D:2      | Became a worshipper of Yredelemnul the Dark
  1665 | D:2      | Reached * piety under Yredelemnul
  2166 | D:3      | Noticed a scorpion
  2170 | D:3      | Killed a scorpion
  2171 | D:3      | Reached XP level 5. HP: 24/39 MP: 0/0
  2171 | D:3      | Learned a level 2 spell: Scorch
  2381 | D:3      | Reached skill level 4 in Spellcasting
  2400 | D:3      | Reached XP level 6. HP: 15/45 MP: 0/0
  2670 | D:3      | Reached ** piety under Yredelemnul
  3216 | D:3      | Reached *** piety under Yredelemnul
  3587 | D:4      | Reached skill level 1 in Invocations
  4141 | D:4      | Reached XP level 7. HP: 43/50 MP: 0/0
  4141 | D:4      | Learned a level 3 spell: Confusing Touch
  4189 | D:4      | Found an iron altar of Okawaru.
  4431 | D:4      | Found a stormy altar of Qazlal.
  4581 | D:4      | Found a hide-covered altar of Uskayaw.
  4731 | D:5      | Entered Level 5 of the Dungeon
  4852 | D:5      | Reached skill level 1 in Evocations
  4994 | D:5      | Found a staircase to the Ecumenical Temple.
  5067 | Temple   | Entered the Ecumenical Temple
  5260 | D:5      | Reached skill level 5 in Dodging
  5260 | D:5      | Reached XP level 8. HP: 16/58 MP: 0/0
  5868 | D:5      | Reached skill level 5 in Spellcasting
  6238 | D:5      | Reached skill level 5 in Fighting
  6400 | D:5      | Found a sacrificial altar of Ru.
  6412 | D:5      | Found a shadowy altar of Dithmenos.
  6711 | D:6      | Reached XP level 9. HP: 54/65 MP: 0/0
  6711 | D:6      | Learned a level 4 spell: Petrify
  6800 | D:6      | HP: 3/65 [white imp/puff of frost (15)]
  7179 | D:6      | Reached skill level 1 in Unarmed Combat
  7211 | D:6      | Noticed Menkaure
  7231 | D:6      | Found a shimmering altar of Xom.
  7525 | D:6      | Found Zin's Purification Station.
  7525 | D:6      | Found a glowing silver altar of Zin.
  7542 | D:6      | Reached skill level 5 in Invocations
  7940 | D:6      | Killed Menkaure
  8149 | D:6      | Found Fuloirr's Jewellery Shop.
  8794 | D:6      | Reached skill level 6 in Spellcasting
  8794 | D:6      | Reached skill level 5 in Evocations
 11377 | D:7      | Reached XP level 10. HP: 43/72 MP: 0/0
 11540 | D:7      | Found a bloodstained altar of Trog.
 11770 | D:7      | Found a blossoming altar of Fedhas.
 11770 | D:7      | Found a faded altar of an unknown god.
 11778 | D:7      | Found a faded altar of an unknown god.
 11781 | D:7      | Found a broken altar of Ashenzari.
 11783 | D:7      | Found an ornate altar of the Wu Jian Council.
 12235 | D:8      | Reached skill level 7 in Spellcasting
 12468 | D:8      | Slain by an orc warrior

Illustrated notes

Levels and vault maps discovered:
D:1:      nzn_arrival_water_spiral, layout_rooms
D:2:      layout_basic, shapermc_ecumenical_altar_gd, uniq_terence
D:3:      layout_loops_ring
D:4:      layout_cave_pools, nicolae_uskayaw_suspiria, lemuel_doored_altar,
          nicolae_overflow_crystal_walls
D:5:      layout_basic, minitemple, minmay_temple_entry_ruins, st_stairs_2
D:6:      layout_cave_pods, xom_teletrap_fun, zin_purify, serial_column_ruins,
          column_ruins_corridor_straight, column_ruins_open_small,
          column_ruins_grid_1, column_ruins_columns_straight,
          column_ruins_open_small, column_ruins_corridor_straight, serial_shops,
          kennysheep_mini, uniq_menkaure
D:7:      layout_basic, chequers_temple_overflow_minitemple,
          mainiacjoe_overflow_alcove_4
D:8:      layout_cave_pools, serial_bayou_lagoon_a
Temple:   kb_temple_of_zot

Skill      XL: |  1  2  3  4  5  6  7  8  9 10 |
---------------+-------------------------------+-----
Fighting       | 1 2 3 4 5 6 |  6.8
Dodging        | 3 4 5 |  5.0
Spellcasting   | 4 5 6 7 |  7.0
Invocations    | 1 2 4 5 |  5.0
Evocations     | 1 3 5 |  5.0
Unarmed Combat | 3 |  3.0
Stealth        | |  1.5

Action                   |  1- 3 |  4- 6 |  7- 9 | 10-12 || total
-------------------------+-------+-------+-------+-------++-------
Melee: Hand axe          |    46 |    10 |       |       ||    56
       Staff             |    10 |       |       |       ||    10
       Punch             |     3 |     2 |     3 |     1 ||     9
       Headbutt          |     1 |     2 |     3 |       ||     6
       Whip              |       |    47 |    94 |       ||   141
       Flail             |       |       |    16 |    13 ||    29
 Cast: Summon Small Mamm |    14 |     1 |    21 |     3 ||    39
       Call Imp          |    12 |     5 |    27 |     3 ||    47
       Beastly Appendage |     3 |     5 |    10 |     2 ||    20
       Call Canine Famil |       |     3 |    24 |     4 ||    31
       Scorch            |       |    19 |    46 |     6 ||    71
       Confusing Touch   |       |       |    10 |       ||    10
       Summon Guardian G |       |       |     3 |     1 ||     4
       Summon Lightning  |       |       |     2 |     3 ||     5
       Petrify           |       |       |     2 |       ||     2
Invok: Recall Undead Har |       |       |     1 |       ||     1
  Use: Potion            |     3 |       |     4 |     2 ||     9
       Scroll            |       |       |     5 |       ||     5
 Stab: Sleeping          |     1 |     1 |       |       ||     2
       Distracted        |       |     1 |     2 |       ||     3
       Confused          |       |       |     1 |     1 ||     2
Armor: Robe              |    16 |    14 |    22 |     3 ||    55
       Skin              |    15 |       |       |       ||    15
Dodge: Dodged            |    62 |    40 |   119 |    19 ||   240
